BLB
NEW ORLEANS VOODOO @ HARTFORD WHALERS
03/10/2060
 
TOP OF THE 1ST
New Orleans Voodoo batting - Pitching for Hartford Whalers : LHP James Sisson
Pitching: LHP James Sisson
Batting: RHB Darrin Cramer 0-0: Foul Ball, location: 2F
0-1: Called Strike
0-2: Ball
1-2: Ground out 6-3 (Groundball, 6, EV 104.4 MPH)
Batting: RHB Huston Cruz 0-0: Ball
1-0: Swinging Strike
1-1: Foul Ball, location: 2F
1-2: Ball
2-2: Strikes out swinging
Batting: RHB Nathan Stiso 0-0: Ball
1-0: Ground out 6-3 (Groundball, 56, EV 100.6 MPH)
Top of the 1st over - 0 runs, 0 hits, 0 errors, 0 left on base; New Orleans 0 - Hartford 0
BOTTOM OF THE 1ST
Hartford Whalers batting - Pitching for New Orleans Voodoo : RHP Lucas Kirchner
Pitching: RHP Lucas Kirchner
Batting: LHB Dalton Winger 0-0: Ball
1-0: Fly out, F8 (Flyball, 89M, EV 86.9 MPH)
Batting: RHB Reilly Wren 0-0: Called Strike
0-1: Foul Ball, location: 2F
0-2: Ball
1-2: Foul Ball, location: 2F
1-2: SINGLE (Line Drive, 89S, EV 86.2 MPH)
Batting: RHB Abel Kazaz 0-0: Ball
1-0: Called Strike
1-1: Swinging Strike
1-2: SINGLE (Line Drive, 4D, EV 103.8 MPH)
Reilly Wren to second
Batting: LHB Brian Washington 0-0: Ball
1-0: Called Strike
1-1: Foul Ball, location: 2F
1-2: Foul Ball, location: 2F
1-2: Ball
2-2: Strikes out swinging
Batting: SHB JaQawn Schiegl 0-0: Swinging Strike
0-1: Ball
1-1: Ball
2-1: Foul Ball, location: 2F
2-2: Fly out, F8 (Flyball, 8RD, EV 91.2 MPH)
Bottom of the 1st over - 0 runs, 2 hits, 0 errors, 2 left on base; New Orleans 0 - Hartford 0
TOP OF THE 2ND
New Orleans Voodoo batting - Pitching for Hartford Whalers : LHP James Sisson
Batting: RHB Lucas Anderson 0-0: Foul Ball, location: 2F
0-1: Swinging Strike
0-2: Strikes out looking
Batting: LHB Tuck Vrsek 0-0: Foul Ball, location: 2F
0-1: Called Strike
0-2: Ball
1-2: Ball
2-2: Strikes out swinging
Batting: RHB Jeremie Holzschuh 0-0: Ball
1-0: Swinging Strike
1-1: Ball
2-1: Ball
3-1: Foul Ball, location: 2F
3-2: Foul Ball, location: 2F
3-2: Base on Balls
Batting: LHB Daryl Walken 0-0: Ball
1-0: Ball
2-0: Foul Ball, location: 2F
2-1: Foul Ball, location: 2F
2-2: Strikes out swinging
Top of the 2nd over - 0 runs, 0 hits, 0 errors, 1 left on base; New Orleans 0 - Hartford 0
BOTTOM OF THE 2ND
Hartford Whalers batting - Pitching for New Orleans Voodoo : RHP Lucas Kirchner
Batting: RHB Shawn Douglas 0-0: Called Strike
0-1: Foul Ball, location: 2F
0-2: Ball
1-2: Strikes out looking
Batting: RHB Amar Giles 0-0: Ball
1-0: Ball
2-0: Foul Ball, location: 2F
2-1: Foul Ball, location: 2F
2-2: Foul Ball, location: 2F
2-2: Ball
3-2: Foul Ball, location: 2F
3-2: Base on Balls
Batting: RHB Wyatt McKenney 0-0: Called Strike
0-1: Foul Ball, location: 2F
0-2: Strikes out swinging
Batting: RHB Seth Floyd 0-0: Ball
1-0: Called Strike
1-1: Foul Ball, location: 2F
1-2: SINGLE (Groundball, 34, EV 93.1 MPH) (infield hit)
Amar Giles to second
Batting: LHB Dalton Winger 0-0: Foul Ball, location: 2F
0-1: Foul Ball, location: 2F
0-2: Ball
1-2: DOUBLE (Flyball, 89XD, EV 96.2 MPH)
Amar Giles scores
Seth Floyd to third
Batting: RHB Reilly Wren 0-0: Ball
1-0: Foul Ball, location: 2F
1-1: Ball
2-1: Foul Ball, location: 2F
2-2: Foul Ball, location: 2F
2-2: SINGLE (Line Drive, 4D, EV 103.1 MPH)
Seth Floyd scores
Dalton Winger to third
Runner from 3rd tries for Home, SAFE, throw by RF to home
Reilly Wren to second
Batting: RHB Abel Kazaz 0-0: Ball
1-0: Ball
2-0: Called Strike
2-1: Called Strike
2-2: Fly out, F8 (Flyball, 89M, EV 86.9 MPH)
Bottom of the 2nd over - 3 runs, 3 hits, 0 errors, 1 left on base; New Orleans 0 - Hartford 3
TOP OF THE 3RD
New Orleans Voodoo batting - Pitching for Hartford Whalers : LHP James Sisson
Batting: LHB Johnathan Weeks 0-0: Ball
1-0: Ball
2-0: Called Strike
2-1: Foul Ball, location: 2F
2-2: Foul Ball, location: 2F
2-2: Foul Ball, location: 2F
2-2: Strikes out swinging
Batting: LHB Jarquez Kafele 0-0: Ball
1-0: Called Strike
1-1: Ball
2-1: Called Strike
2-2: Hit by Pitch
Batting: RHB Darrin Cramer 0-0: Called Strike
0-1: Called Strike
0-2: Strikes out swinging
Batting: RHB Huston Cruz 0-0: Ground out 5-3 (Groundball, 56S, EV 63.1 MPH)
Top of the 3rd over - 0 runs, 0 hits, 0 errors, 1 left on base; New Orleans 0 - Hartford 3
BOTTOM OF THE 3RD
Hartford Whalers batting - Pitching for New Orleans Voodoo : RHP Lucas Kirchner
Batting: LHB Brian Washington 0-0: Called Strike
0-1: DOUBLE (Line Drive, 9LM, EV 105.0 MPH)
Batting: SHB JaQawn Schiegl 0-0: Called Strike
0-1: Ball
1-1: Ground out 6-3 (Groundball, 6D, EV 85.6 MPH)
Batting: RHB Shawn Douglas 0-0: Ground out 5-3 (Groundball, 5, EV 78.8 MPH)
Batting: RHB Amar Giles 0-0: Called Strike
0-1: SINGLE (Flyball, 7S, EV 90.6 MPH)
Brian Washington to third
Runner from 3rd tries for Home, SAFE, throw by LF to home
Batting: RHB Wyatt McKenney 0-0: Swinging Strike
0-1: Called Strike
0-2: Ball
1-2: Strikes out swinging
Bottom of the 3rd over - 1 run, 2 hits, 0 errors, 1 left on base; New Orleans 0 - Hartford 4
TOP OF THE 4TH
New Orleans Voodoo batting - Pitching for Hartford Whalers : LHP James Sisson
Batting: RHB Nathan Stiso 0-0: Called Strike
0-1: Ball
1-1: Called Strike
1-2: Strikes out swinging
Batting: RHB Lucas Anderson 0-0: Foul Ball, location: 2F
0-1: Ball
1-1: Ball
2-1: Foul Ball, location: 2F
2-2: Foul Ball, location: 2F
2-2: Strikes out swinging, 2-3 out at first.
Batting: LHB Tuck Vrsek 0-0: SINGLE (Groundball, 56S, EV 70.6 MPH) (infield hit)
Batting: RHB Jeremie Holzschuh 0-0: Called Strike
0-1: Foul Ball, location: 2F
0-2: Strikes out swinging
Top of the 4th over - 0 runs, 1 hit, 0 errors, 1 left on base; New Orleans 0 - Hartford 4
BOTTOM OF THE 4TH
Hartford Whalers batting - Pitching for New Orleans Voodoo : RHP Lucas Kirchner
Batting: RHB Seth Floyd 0-0: Ball
1-0: SINGLE (Groundball, 34D, EV 96.9 MPH)
Batting: LHB Dalton Winger 0-0: Called Strike
0-1: SINGLE (Groundball, 56S, EV 69.4 MPH) (infield hit)
Seth Floyd to second
Batting: RHB Reilly Wren 0-0: Ball
1-0: Grounds into double play, 6-4-3 (Groundball, 6, EV 86.2 MPH)
Seth Floyd to third
Pinch Hitting: LHB Houston Yap 0-0: Ground out 4-3 (Groundball, 4, EV 81.2 MPH)
Bottom of the 4th over - 0 runs, 2 hits, 0 errors, 1 left on base; New Orleans 0 - Hartford 4
TOP OF THE 5TH
New Orleans Voodoo batting - Pitching for Hartford Whalers : LHP James Sisson
Now at 3B: Tyrone Smith
Now in LF: Houston Yap
Now in CF: Dalton Winger
Now in RF: Ian Schreiber
Batting: LHB Daryl Walken 0-0: Ground out 4-3 (Groundball, 4, EV 86.2 MPH)
Batting: LHB Johnathan Weeks 0-0: Called Strike
0-1: Ball
1-1: Ball
2-1: Fly out, F9 (Line Drive, 89M, EV 93.1 MPH)
Batting: LHB Jarquez Kafele 0-0: Foul Ball, location: 2F
0-1: Called Strike
0-2: Strikes out swinging
Top of the 5th over - 0 runs, 0 hits, 0 errors, 0 left on base; New Orleans 0 - Hartford 4
BOTTOM OF THE 5TH
Hartford Whalers batting - Pitching for New Orleans Voodoo : RHP Lucas Kirchner
Pitching: RHP Max Sivak
Batting: LHB Gene Grimes 0-0: Ball
1-0: Called Strike
1-1: Ground out 5-3 (Groundball, 56, EV 83.1 MPH)
Pinch Hitting: RHB Zyaire Semijenov 0-0: Ball
1-0: Ground out 6-3 (Groundball, 56, EV 82.5 MPH)
Batting: LHB Ian Schreiber 0-0: Called Strike
0-1: Foul Ball, location: 2F
0-2: Ball
1-2: Ball
2-2: Strikes out swinging
Bottom of the 5th over - 0 runs, 0 hits, 0 errors, 0 left on base; New Orleans 0 - Hartford 4
TOP OF THE 6TH
New Orleans Voodoo batting - Pitching for Hartford Whalers : LHP James Sisson
Pitching: RHP Ted Anstett
Now at 1B: Amric Robinson
Now at SS: Zyaire Semijenov
Batting: RHB Dez Swanson 0-0: Called Strike
0-1: Ball
1-1: Called Strike
1-2: Foul Ball, location: 2F
1-2: Ball
2-2: Ball
3-2: Foul Ball, location: 2F
3-2: Fly out, F7 (Flyball, 7D, EV 101.9 MPH)
Pinch Hitting: LHB Samuel Hamblin 0-0: Called Strike
0-1: Fly out, F9 (Flyball, 9, EV 87.5 MPH)
Pinch Hitting: LHB Jordy Wovchanoff 0-0: Ball
1-0: Ball
2-0: Foul Ball, location: 2F
2-1: SINGLE (Groundball, 34S, EV 67.5 MPH) (infield hit)
Pinch Hitting: RHB D'Angelo James 0-0: Swinging Strike
0-1: SINGLE (Groundball, 13, EV 83.8 MPH) (infield hit)
Jordy Wovchanoff to second
Pinch Hitting: LHB Darrell Petty 0-0: Ball
1-0: Swinging Strike
1-1: Ball
2-1: Foul Ball, location: 2F
2-2: Strikes out swinging
Top of the 6th over - 0 runs, 2 hits, 0 errors, 2 left on base; New Orleans 0 - Hartford 4
BOTTOM OF THE 6TH
Hartford Whalers batting - Pitching for New Orleans Voodoo : RHP Max Sivak
Now at C: Khaleen Romero
Now at 1B: Darrell Petty
Now at 2B: D'Angelo James
Now in LF: Jordy Wovchanoff
Now in CF: Samuel Hamblin
Batting: LHB Amric Robinson 0-0: Ball
1-0: Called Strike
1-1: Ball
2-1: Ball
3-1: Fly out, F9 (Flyball, 9D, EV 100.0 MPH)
Batting: RHB Wyatt McKenney 0-0: Called Strike
0-1: Ball
1-1: Called Strike
1-2: Strikes out swinging
Batting: RHB Tyrone Smith 0-0: Ground out 6-3 (Groundball, 6, EV 85.0 MPH)
Bottom of the 6th over - 0 runs, 0 hits, 0 errors, 0 left on base; New Orleans 0 - Hartford 4
TOP OF THE 7TH
New Orleans Voodoo batting - Pitching for Hartford Whalers : RHP Ted Anstett
Pitching: RHP Jamal Brown
Batting: RHB Khaleen Romero 0-0: Called Strike
0-1: Ball
1-1: Foul Ball, location: 2F
1-2: Reached on error, E5 (Groundball, 56S, EV 88.8 MPH)
Pinch Hitting: RHB Lon Leseberg 0-0: Swinging Strike
0-1: Ball
1-1: Ground out 5-3 (Groundball, 56, EV 100.0 MPH)
Pinch Hitting: RHB James Wilson 0-0: DOUBLE (Flyball, 89D, EV 93.1 MPH)
Khaleen Romero scores
Pinch Hitting: SHB Rob French 0-0: Ball
1-0: Ball
2-0: Called Strike
2-1: Ball
3-1: Foul Ball, location: 2F
3-2: Strikes out looking
Batting: RHB Dez Swanson 0-0: Called Strike
0-1: Ball
1-1: Ball
2-1: Foul Ball, location: 2F
2-2: Ball
3-2: Base on Balls
Batting: LHB Samuel Hamblin 0-0: Ball
1-0: Ball
2-0: Ball
3-0: Called Strike
3-1: Base on Balls
James Wilson to third
Dez Swanson to second
Batting: LHB Jordy Wovchanoff 0-0: Ball
1-0: Ball
2-0: Ground out 5-3 (Groundball, 56, EV 109.4 MPH)
Top of the 7th over - 1 run, 1 hit, 1 error, 3 left on base; New Orleans 1 - Hartford 4
BOTTOM OF THE 7TH
Hartford Whalers batting - Pitching for New Orleans Voodoo : RHP Max Sivak
Pitching: LHP Derek Royalty
Now at 1B: Rob French
Now at 2B: Darrell Petty
Now at 3B: James Wilson
Now at SS: D'Angelo James
Now in RF: Lon Leseberg
Batting: LHB Dalton Winger 0-0: Ball
1-0: Ball
2-0: Ground out 4-3 (Groundball, 4, EV 87.5 MPH)
Batting: RHB Reilly Wren 0-0: Ball
1-0: Called Strike
1-1: Ball
2-1: Ball
3-1: Foul Ball, location: 2F
3-2: Ground out 6-3 (Groundball, 6, EV 78.8 MPH)
Batting: LHB Houston Yap 0-0: Called Strike
0-1: Foul Ball, location: 2F
0-2: Ball
1-2: Ground out 6-3 (Groundball, 6M, EV 83.1 MPH)
Bottom of the 7th over - 0 runs, 0 hits, 0 errors, 0 left on base; New Orleans 1 - Hartford 4
TOP OF THE 8TH
New Orleans Voodoo batting - Pitching for Hartford Whalers : RHP Jamal Brown
Pitching: RHP Cleshawn Topp
Batting: RHB D'Angelo James 0-0: Ball
1-0: Called Strike
1-1: Ball
2-1: Ground out 6-3 (Groundball, 6, EV 81.9 MPH)
Batting: LHB Darrell Petty 0-0: Foul Ball, location: 2F
0-1: Ball
1-1: DOUBLE (Line Drive, 78D, EV 109.4 MPH)
Pitching: LHP Nathan Dorsey
Batting: RHB Khaleen Romero 0-0: Ball
1-0: Called Strike
1-1: Foul Ball, location: 2F
1-2: Ground out 4-3 (Groundball, 4S, EV 90.6 MPH)
Darrell Petty to third
Batting: RHB Lon Leseberg 0-0: Ball
1-0: Foul Ball, location: 2F
1-1: Ball
2-1: Fly out, F7 (Flyball, 7D, EV 93.8 MPH)
Top of the 8th over - 0 runs, 1 hit, 0 errors, 1 left on base; New Orleans 1 - Hartford 4
BOTTOM OF THE 8TH
Hartford Whalers batting - Pitching for New Orleans Voodoo : LHP Derek Royalty
Pitching: RHP Kevin Blackmon
Batting: LHB Gene Grimes 0-0: Ball
1-0: Ball
2-0: Called Strike
2-1: SINGLE (Groundball, 4MS, EV 70.0 MPH) (infield hit)
Pitching: RHP Jonah Gower
Batting: RHB Zyaire Semijenov 0-0: Called Strike
0-1: SINGLE (Line Drive, 56, EV 105.6 MPH)
Gene Grimes to second
Batting: LHB Ian Schreiber 0-0: Called Strike
0-1: Ball
1-1: Called Strike
1-2: Strikes out looking
Batting: LHB Amric Robinson 0-0: Foul Ball, location: 2F
0-1: Ball
1-1: Ball
2-1: Foul Ball, location: 2F
2-2: Ball
3-2: Foul Ball, location: 2F
3-2: Hit by Pitch
Gene Grimes to third
Zyaire Semijenov to second
Batting: RHB Wyatt McKenney 0-0: Ball
1-0: Called Strike
1-1: Ball
2-1: Grounds into fielders choice 5-2 (Groundball, 56, EV 86.9 MPH)
Zyaire Semijenov to third
Amric Robinson to second
Batting: RHB Tyrone Smith 0-0: Called Strike
0-1: Foul Ball, location: 2F
0-2: Ball
1-2: Foul Ball, location: 2F
1-2: Ball
2-2: TRIPLE (Line Drive, 8RXD, EV 103.8 MPH)
Zyaire Semijenov scores
Amric Robinson scores
Wyatt McKenney scores
Batting: LHB Dalton Winger 0-0: Ball
1-0: Called Strike
1-1: Ball
2-1: Ball
3-1: Foul Ball, location: 2F
3-2: Foul Ball, location: 2F
3-2: Foul Ball, location: 2F
3-2: Ground out 4-3 (Groundball, 34, EV 89.4 MPH)
Bottom of the 8th over - 3 runs, 3 hits, 0 errors, 1 left on base; New Orleans 1 - Hartford 7
TOP OF THE 9TH
New Orleans Voodoo batting - Pitching for Hartford Whalers : LHP Nathan Dorsey
Pitching: LHP Seymour Tuchalski
Batting: RHB James Wilson 0-0: Ball
1-0: Foul Ball, location: 2F
1-1: SINGLE (Flyball, 7S, EV 97.5 MPH)
Batting: SHB Rob French 0-0: SINGLE (Groundball, 56D, EV 98.8 MPH)
James Wilson to second
Batting: RHB Peyton Ames 0-0: Ball
1-0: Swinging Strike
1-1: Ball
2-1: Ball
3-1: Foul Ball, location: 2F
3-2: Foul Ball, location: 2F
3-2: Foul Ball, location: 2F
3-2: Base on Balls
James Wilson to third
Rob French to second
Batting: LHB Samuel Hamblin 0-0: Called Strike
0-1: Foul Ball, location: 2F
0-2: Foul Ball, location: 2F
0-2: Ball
1-2: Grounds into double play, 6-4-3 (Groundball, 6, EV 86.9 MPH)
James Wilson scores
Rob French to third
Pinch Hitting: RHB Jefferson Turner 0-0: Called Strike
0-1: Ball
1-1: Swinging Strike
1-2: Foul Ball, location: 2F
1-2: Ball
2-2: Foul Ball, location: 2F
2-2: Strikes out swinging
Top of the 9th over - 1 run, 2 hits, 0 errors, 1 left on base; New Orleans 2 - Hartford 7
Wednesday, April 17th , 2024 - OOTP Baseball 23.10 Build 110